 Dungeon Crawl Stone Soup version 0.29-a0-234-g0dae59b3db (webtiles) character file.

Game seed: 5510351499985706326

2314 dracfodder the Thaumaturge (level 9, -5/45 HPs)
             Began as a Gargoyle Fire Elementalist on Mar 3, 2022.
             Was an Initiate of Vehumet.
             Slain by a boulder beetle (23 damage)
             ... on level 7 of the Dungeon.
             The game lasted 01:03:27 (11101 turns).

dracfodder the Thaumaturge (GrFE)                  Turns: 11101, Time: 01:03:28

Health: -5/45      AC: 16    Str: 14    XL:     9   Next: 41%
Magic:  8/19       EV: 10    Int: 28    God:    Vehumet [......]
Gold:   392        SH:  5    Dex: 10    Spells: 16/25 levels left

rFire   + . .      SeeInvis .   b - +1 dagger (drain)
rCold   . . .      Faith    .   (no shield)
rNeg    + . .      Spirit   .   k - +5 ring mail {Will+}
rPois   ∞          Reflect  +   (helmet restricted)
rElec   +          Harm     .   (no cloak)
rCorr   .          Rampage  .   (no gloves)
Will    +....                   (no boots)
Stlth   +.........              e - amulet of reflection
HPRegen 0.15/turn               h - ring of protection from fire
MPRegen 0.16/turn               p - +6 ring of intelligence

@: about to teleport
A: sickness immunity, AC +6, negative energy resistance 1, electricity
resistance, torment resistance 1, petrification resistance, antennae 1, talons
1, clever 1, low MP 1, strong 1
a: Renounce Religion


You were on level 7 of the Dungeon.
You worshipped Vehumet.
Vehumet was noncommittal.
You visited 2 branches of the dungeon, and saw 9 of its levels.
You also visited: Sewer.

You collected 392 gold pieces.

Inventory:

Hand Weapons
 b - a +1 dagger of draining (weapon)
Missiles
 f - 294 stones
 g - 3 atropa-tipped darts
 q - 3 boomerangs
Armour
 k - a +5 ring mail of willpower (worn)
Magical Staves
 c - a staff of earth
Jewellery
 e - an amulet of reflection (around neck)
 h - a ring of protection from fire (left hand)
 p - a +6 ring of intelligence (right hand)
Scrolls
 l - 2 scrolls of teleportation
 m - 3 scrolls of fear
 s - 2 scrolls of enchant armour
Potions
 i - a potion of might
 j - 2 potions of ambrosia
 n - 2 potions of curing {unknown}
 o - a potion of heal wounds


   Skills:
 + Level 0.1 Short Blades
 + Level 0.1 Throwing
 + Level 2.3 Armour
 + Level 1.9 Dodging
 + Level 3.0 Stealth
 + Level 0.8 Shields
 + Level 0.2 Unarmed Combat
 * Level 8.7 Spellcasting
 + Level 3.6 Conjurations
 + Level 0.1 Hexes
 + Level 7.0 Fire Magic
 + Level 0.3 Evocations


You had 16 spell levels left.
You knew the following spells:

 Your Spells              Type           Power      Damage    Failure   Level
a - Foxfire               Conj/Fire      100%       2x1d9     1%          1
b - Scorch                Fire           100%       2d10      1%          2
c - Conjure Flame         Conj/Fire      42%        6-21      3%          3
d - Inner Flame           Hex/Fire       32%        N/A       6%          3

Your spell library contained the following spells:

 Spells                   Type           Power      Damage    Failure   Level
 Flame Wave               Conj/Fire      42%        2d9       10%         4
 Ensorcelled Hibernation  Hex/Ice        24%        N/A       13%         2
 Spider Form              Tmut/Pois      12%        N/A       26%         3
 Airstrike                Air            6%         N/A       65%         4
 Anguish                  Hex/Necr       6%         N/A       65%         4
 Summon Lightning Spire   Summ/Air       12%        N/A       65%         4
 Lightning Bolt           Conj/Air       11%        1d24      75%         5
 Summon Forest            Summ/Tloc      6%         N/A       94%         5
 Summon Mana Viper        Hex/Summ       12%        N/A       94%         5
 Summon Cactus Giant      Summ           6%         N/A       100%        6


Dungeon Overview and Level Annotations

Branches:
Dungeon (8/15)             Temple (1/1) D:5           Sewer (visited)
   Lair: D:8-11

Altars:
Ashenzari
Cheibriados
Fedhas
Hepliaklqana
Kikubaaqudgha
Okawaru
Qazlal
Ru
Sif Muna
Trog
Vehumet
Wu Jian
Xom
Yredelemnul
The Shining One

Shops:
D:4 :


Innate Abilities, Weirdness & Mutations

You are immune to sickness and miasma.
Your stone body is resilient. (AC +6)
You are immune to poison.
You resist negative energy. (rN+)
You are resistant to electric shocks. (rElec)
You are resistant to unholy torment.
You are immune to petrification.
You have a pair of small antennae on your head.
You have sharp toenails.
Your mind is acute. (Int +2)
Your magical capacity is low. (-10% MP)
Your muscles are strong. (Str +2)


Message History

The gnoll is severely wounded.
You block the gnoll's attack. The boulder beetle hits you.
The boulder beetle stops rolling and uncurls.
You hit the gnoll but do no damage.
The gnoll is severely wounded.
The gnoll hits you but does no damage.
The boulder beetle bites you but does no damage.
You closely miss the gnoll.
The gnoll is severely wounded.
The gnoll is no longer more vulnerable to fire.
The gnoll barely misses you. The boulder beetle bites you!!
Casting: Foxfire (safe; 1% risk of failure)
Confirm with . or Enter, or press ? or * to list all spells.
You conjure some foxfire!
The gnoll hits you but does no damage.
The boulder beetle bites you but does no damage.
You hit the gnoll.
You kill the gnoll!
Vehumet accepts your kill.
The foxfire hits the boulder beetle but does no damage.
The boulder beetle leaps!
The boulder beetle curls into a ball and begins rolling!
Things that are here:
a +0 club; a +0 robe; a gnoll corpse
Things that are here:
a +1 vampiric spear; a +0 ring mail; a gnoll corpse
Casting: Scorch (safe; 1% risk of failure)
Press: ? - help, Q - select action, (/) - cycle Dir - look around, f - activate Flames lash the boulder beetle.
The boulder beetle is lightly wounded.
The boulder beetle's fire resistance burns away.
The boulder beetle barely misses you.
The boulder beetle stops rolling and uncurls.
As you read the scroll of teleportation, it crumbles to dust.
You feel strangely unstable. You block the boulder beetle's attack.
Casting: Scorch (safe; 1% risk of failure)
Press: ? - help, Q - select action, (/) - cycle Dir - look around, f - activate Flames lash the boulder beetle but do no damage.
The gnoll hits you but does no damage. The boulder beetle bites you!!
Ouch! That really hurt!
You die...

....'................########
#...##..##+#####'####........
#>..#####....................
..).....'.....°..............
........#.....○..............
...<#####....................
##'##.......##g############+#
............#..B.# ,
............#..)@# ,
............#...)#
............#....# ####
............########..######
.####.......#..............#
.# #.......)).............#
.# #.......#..............#
.# #.......#..............#
.# #.......#..............#


You could see a boulder beetle (combustible) and a gnoll.

Vanquished Creatures
  Prince Ribbit (D:6)
  Sigmund (D:5)
  Edmund (D:6)
  An ice beast (D:6)
  2 orc warriors (D:7)
  2 sky beasts (D:6)
  2 black bears (D:6)
  A phantom (D:5)
  3 bullfrogs
  A gnoll sergeant (D:7)
  A scorpion (D:4)
  4 hounds
  A jelly (D:5)
  A gnoll shaman (D:5)
  4 orc priests
  3 iguanas
  3 orc wizards
  Terence (D:2)
  10 gnolls
  6 adders
  3 shadow imps
  3 white imps
  2 ufetubi
  3 worms
  4 dart slugs
  17 orcs
  11 ball pythons
  5 bats
  17 endoplasms
  14 giant cockroaches
  6 goblins
  7 hobgoblins
  8 jackals
  19 quokkas
  8 frilled lizards
  6 kobolds
  7 rats
189 creatures vanquished.

Vanquished Creatures (others)
  372 foxfires
  5 plants (D:7)
377 creatures vanquished.

Grand Total: 566 creatures vanquished

Notes
Turn   | Place    | Note
-------+----------+-------------------------------------------
     0 | D:1      | dracfodder the Gargoyle Fire Elementalist began the quest
                  | for the Orb.
     0 | D:1      | Reached XP level 1. HP: 10/10 MP: 3/3
   186 | D:1      | Reached XP level 2. HP: 15/15 MP: 3/5
   283 | D:1      | Found a faded altar of an unknown god.
   500 | D:1      | Learned a level 2 spell: Scorch
   767 | D:1      | Reached XP level 3. HP: 15/19 MP: 1/6
  1229 | D:2      | Found a broken altar of Ashenzari.
  1232 | D:2      | Gained mutation: Your body sometimes deteriorates upon
                  | taking damage. [potion of mutation]
  1232 | D:2      | Gained mutation: You tend to lose your temper in combat.
                  | [potion of mutation]
  1232 | D:2      | Gained mutation: You passively map a small area around you.
                  | [potion of mutation]
  2025 | D:2      | Noticed Terence
  2050 | D:2      | Killed Terence
  2051 | D:2      | Reached skill level 3 in Spellcasting
  2051 | D:2      | Reached XP level 4. HP: 6/24 MP: 2/8
  2438 | D:2      | Learned a level 3 spell: Conjure Flame
  3515 | D:3      | Reached XP level 5. HP: 26/28 MP: 0/10
  3719 | D:3      | Found a sacrificial altar of Ru.
  3927 | D:3      | Learned a level 3 spell: Inner Flame
  4177 | D:3      | Found an ornate altar of the Wu Jian Council.
  4627 | D:4      | Reached skill level 4 in Spellcasting
  4715 | D:5      | Entered Level 5 of the Dungeon
  4721 | D:5      | Noticed Sigmund
  4725 | D:5      | Killed Sigmund
  4726 | D:5      | Reached skill level 5 in Spellcasting
  4726 | D:5      | Reached XP level 6. HP: 32/32 MP: 3/13
  4800 | D:5      | Found a staircase to the Ecumenical Temple.
  4804 | D:5      | Reached skill level 1 in Armour
  4897 | D:5      | Reached XP level 7. HP: 35/36 MP: 2/14
  5055 | D:5      | Reached skill level 5 in Fire Magic
  5274 | D:5      | Found a glowing drain.
  5278 | Sewer    | Entered a sewer
  6196 | Sewer    | Reached skill level 6 in Spellcasting
  6458 | D:5      | Reached XP level 8. HP: 41/41 MP: 9/17
  7170 | D:4      | Found a blossoming altar of Fedhas.
  7527 | D:4      | Found Omozy's Book Boutique.
  7967 | D:5      | Found an iron altar of Okawaru.
  8068 | Temple   | Entered the Ecumenical Temple
  8301 | Temple   | Became a worshipper of Vehumet
  8593 | D:6      | Reached skill level 7 in Spellcasting
  8761 | D:6      | Noticed Prince Ribbit
  8773 | D:6      | Killed Prince Ribbit
  9125 | D:6      | Lost mutation: You tend to lose your temper in combat.
                  | [potion of mutation]
  9125 | D:6      | Lost mutation: You passively map a small area around you.
                  | [potion of mutation]
  9125 | D:6      | Gained mutation: You have sharp toenails. [potion of
                  | mutation]
  9125 | D:6      | Gained mutation: Your large and strong wings let you fly.
                  | [potion of mutation]
  9146 | D:6      | Noticed Edmund
  9156 | D:6      | Killed Edmund
  9596 | D:6      | Lost mutation: Your body sometimes deteriorates upon taking
                  | damage. [potion of mutation]
  9596 | D:6      | Lost mutation: Your large and strong wings let you fly.
                  | [potion of mutation]
  9596 | D:6      | Gained mutation: You are clumsy. (Dex -2) [potion of
                  | mutation]
  9596 | D:6      | Gained mutation: Your mind is acute. (Int +2) [potion of
                  | mutation]
  9597 | D:6      | Lost mutation: You are clumsy. (Dex -2) [potion of
                  | mutation]
  9597 | D:6      | Lost mutation: You have sharp toenails. [potion of
                  | mutation]
  9597 | D:6      | Gained mutation: Your magical capacity is low. (-10% MP)
                  | [potion of mutation]
  9597 | D:6      | Gained mutation: You have a pair of small antennae on your
                  | head. [potion of mutation]
  9597 | D:6      | Gained mutation: Your muscles are strong. (Str +2) [potion
                  | of mutation]
  9597 | D:6      | Gained mutation: You have sharp toenails. [potion of
                  | mutation]
  9683 | D:6      | Reached XP level 9. HP: 45/45 MP: 12/18
  9717 | D:6      | Reached skill level 8 in Spellcasting
 10960 | D:7      | Noticed a boulder beetle
 11101 | D:7      | Slain by a boulder beetle

Illustrated notes

Levels and vault maps discovered:
D:1:      roderic_octagonal_star, layout_basic, shapermc_ecumenical_altar_petra,
          st_stairs_4
D:2:      layout_basic, basic_altar, chequers_serial_rivers_micro_b,
          minmay_misc_feat_iff, chequers_jeans, chequers_serial_rivers_room_b,
          uniq_terence
D:3:      layout_rooms, nicolae_ru_awakened_eye, general_overflow_altar,
          serial_curves, eino_curves_02, eino_curves_01, minmay_strange_pillars,
          nicolae_figureground_pulse
D:4:      minmay_angry_zag, layout_basic, fedhas_altar_4, serial_shops,
          kennysheep_little_box, st_stairs_1
D:5:      layout_basic, marbit_many_paths, minmay_temple_entry_drinking_statues,
          gup_sewer_entry_spiral, uniq_sigmund
D:6:      layout_rooms, kennysheep_small_spiral, chequers_serial_rivers_room_a,
          uniq_edmund, uniq_prince_ribbit1
D:7:      nzn_winding_woodlands_cross [nzn_winding_woodlands_5x15_zeroes,
          nzn_winding_woodlands_5x15_garden,
          nzn_winding_woodlands_5x15_longhouse,
          nzn_winding_woodlands_5x15_twine,
          nzn_winding_woodlands_15x15_killbox], layout_gridville
D:8:      hellmonk_destroyed_diamonds, layout_loops_ring, lightli_minifort
Temple:   minmay_temple_curvy_loop

Skill      XL: |  1  2  3  4  5  6  7  8  9 |
---------------+----------------------------+-----
Spellcasting   | 3 5 6 7 8 |  8.7
Fire Magic     | 4 5 6 7 |  7.0
Armour         | 1 2 |  2.3
Conjurations   | 2 3 |  3.6
Stealth        | 3 |  3.0
Short Blades   | |  0.1
Throwing       | |  0.1
Dodging        | |  1.9
Shields        | |  0.8
Unarmed Combat | |  0.2
Hexes          | |  0.1
Evocations     | |  0.3

Action                   |  1- 3 |  4- 6 |  7- 9 || total
-------------------------+-------+-------+-------++-------
Melee: Whip              |    19 |       |       ||    19
       Unarmed           |     4 |       |       ||     4
       Dagger            |    17 |    27 |    39 ||    83
       Punch             |       |       |     1 ||     1
       Kick              |       |       |     2 ||     2
Throw: Stone             |       |     2 |       ||     2
 Cast: Foxfire           |    32 |    20 |   162 ||   214
       Scorch            |    21 |    48 |    85 ||   154
       Inner Flame       |       |     2 |     2 ||     4
       Conjure Flame     |       |       |     5 ||     5
Evoke: Wand              |       |       |     3 ||     3
  Use: Scroll            |     2 |     7 |     8 ||    17
       Potion            |     2 |       |     3 ||     5
 Stab: Sleeping          |     1 |       |       ||     1
Armor: Robe              |     8 |       |       ||     8
       Ring mail         |       |    20 |    28 ||    48
Dodge: Dodged            |    26 |    25 |    35 ||    86
Block: Other             |     6 |    17 |    25 ||    48
       Reflection        |       |     3 |     1 ||     4

Table legend: (Time is in decaauts)
 A = Elapsed time spent in this place.
 B = Non-inter-level travel time spent in this place.
 C = Inter-level travel time spent in this place.
 D = Time resting spent in this place.
 E = Time spent auto-exploring this place.
 F = Levels seen in this place.
 G = Mean time per level.
                   A        B        C        D        E       F      G
               +--------+--------+--------+--------+--------+-----+--------+
         Total |  11235 |  10734 |    501 |   4691 |   4081 |  10 | 1123.5 |
       Dungeon |   9815 |   9364 |    451 |   3952 |   3751 |   8 | 1226.9 |
        Temple |    250 |    200 |     50 |      0 |    194 |   1 |  250.0 |
         Sewer |   1169 |   1169 |      0 |    739 |    136 |   1 | 1169.0 |
               +--------+--------+--------+--------+--------+-----+--------+

Top non-repeatable levels by time:
     D:2: 2294 daAuts
     D:6: 2066 daAuts
     D:5: 1354 daAuts
     D:1: 1219 daAuts
   Sewer: 1169 daAuts
     D:4: 1097 daAuts
     D:3: 1079 daAuts
     D:7: 701 daAuts
  Temple: 250 daAuts
     D:8: 1 daAuts
